 Dungeon Crawl Stone Soup version 0.28.0-53-g5a82cb258f (webtiles) character file.

Game seed: 4413007148758119171

170 concernfroge the Conjurer (level 5, -5/42 HPs)
             Began as a Deep Elf Conjurer on July 11, 2022.
             Succumbed to a kobold brigand's curare-tipped dart
             ... on level 3 of the Dungeon.
             The game lasted 00:06:05 (2656 turns).

concernfroge the Conjurer (Deep Elf Conjurer)       Turns: 2656, Time: 00:06:06

Health: -5/42      AC: 22    Str:  4    XL:     5   Next: 26%
Magic:  14/14      EV:  2    Int: 25    God:
Gold:   77         SH:  0    Dex: 13    Spells: 0/14 levels left

rFire   + . .      SeeInvis .   (no weapon)
rCold   . . .      Faith    .   (no shield)
rNeg    . . .      Spirit   .   (armour currently unavailable)
rPois   +          Reflect  .   (helmet currently unavailable)
rElec   .          Harm     .   (cloak currently unavailable)
rCorr   .          Rampage  .   (gloves currently unavailable)
Will    .....      NoTele   +   (boots currently unavailable)
Stlth   ++........              (no amulet)
HPRegen 0.14/turn               g - ring of protection from fire
MPRegen 0.14/turn               (no ring)

@: lethally poisoned (-5 -> -27), tree-form, slowed, very slow
A: stationary, stasis, torment immunity, boosted hp
a: no special abilities


You were on level 3 of the Dungeon.
You were a tree.
You visited 1 branch of the dungeon, and saw 3 of its levels.

You collected 77 gold pieces.

Inventory:

Armour
 a - a +0 robe (melded)
 j - a +0 helmet (melded)
Jewellery
 g - a ring of protection from fire (left branch)
Wands
 h - a wand of flame (7) (quivered)
Scrolls
 d - a scroll of amnesia {unknown}
 e - 2 scrolls of teleportation {unknown}
 i - a scroll of magic mapping {unknown}
Potions
 c - 4 potions of attraction {unknown}
 f - a potion of lignification


   Skills:
 - Level 2.4 Dodging
 - Level 2.4 Stealth
 + Level 5.1 Spellcasting
 + Level 5.6 Conjurations
 + Level 2.8 Hexes
 + Level 0.2 Translocations
 + Level 0.2 Evocations


You couldn't memorise any spells.
You knew the following spells:

 Your Spells              Type           Power      Damage    Failure   Level
a - Magic Dart            Conj           100%       1d8       1%          1
b - Searing Ray           Conj           68%        2d6       1%          2
c - Dazzling Flash        Conj/Hex       54%        N/A       4%          3
d - Fulminant Prism       Conj/Hex       13%        3d9       14%         4
e - Iskenderun's Mystic   Conj/Tloc      21%        2d6       24%         4

Your spell library contained the following spells:

 Spells                   Type           Power      Damage    Failure   Level
 Foxfire                  Conj/Fire      80%        2x1d8     2%          1
 Static Discharge         Conj/Air       20%        N/A       3%          2
 Conjure Flame            Conj/Fire      20%        6-21      8%          3
 Freeze                   Ice            24%        1d5       9%          1
 Inner Flame              Hex/Fire       13%        N/A       14%         3
 Frozen Ramparts          Ice            12%        1d3       24%         3
 Flame Wave               Conj/Fire      20%        2d7       26%         4
 Hailstorm                Conj/Ice       20%        3d6       26%         4
 Lightning Bolt           Conj/Air       10%        1d23      56%         5
 Maxwell's Capacitive Co  Air            3%         ∞         100%        8


Dungeon Overview and Level Annotations

Branches:
Dungeon (3/15)

Altars:


Message History

The kobold brigand shouts!
You hear an angry hiss.
The puff of flame misses the kobold brigand.
The puff of flame hits the kobold brigand.
The kobold brigand is heavily wounded.
A frilled lizard comes into view.
The puff of flame misses the kobold brigand.
The puff of flame hits the frilled lizard!
You kill the frilled lizard!
The kobold brigand throws a curare-tipped dart.
The curare-tipped dart hits you.
You are poisoned.
You have difficulty breathing.
You feel yourself slow down.
Okay, then.
The puff of flame hits the kobold brigand!
The kobold brigand is severely wounded.
You feel sick.
The puff of flame hits the kobold brigand.
The kobold brigand is almost dead.
You feel sick.
The kobold brigand throws a curare-tipped dart.
The curare-tipped dart hits you.
You are more poisoned.
You have difficulty breathing.
You feel as though you will be slow longer.
It was a potion of cancellation.
Your magical effects are unravelling.
You feel magically purged.
You feel yourself speed up.
* * * LOW HITPOINT WARNING * * *
You feel sick.
The kobold brigand throws a curare-tipped dart.
The curare-tipped dart hits you.
You are lethally poisoned!
You have difficulty breathing.
* * * LOW HITPOINT WARNING * * *
You feel yourself slow down.
It was a potion of lignification.
You turn into a tree.
Your +0 helmet melds into your body.
Your +0 robe melds into your body.
Your roots penetrate the ground.
You die...

#†# ... ..# .. ..
#.# #.# .. #.. .#
#####K##.######
...............
####..♣#########
#...............
...###...........
##.......<....>#
#.####........#
#........#
#....[...#
#........#
#........#


You could see a kobold brigand.

Vanquished Creatures
  A howler monkey (D:2)
  4 gnolls (D:2)
  4 adders (D:2)
  An adder skeleton (D:2)
  A dart slug (D:1)
  4 endoplasms
  2 giant cockroaches (D:1)
  10 goblins
  5 hobgoblins
  3 jackals (D:2)
  3 kobolds
  A quokka (D:2)
  4 ball pythons
  5 bats
  5 frilled lizards
53 creatures vanquished.

Notes
Turn   | Place    | Note
-------+----------+-------------------------------------------
     0 | D:1      | concernfroge the Deep Elf Conjurer began the quest for the
                  | Orb.
     0 | D:1      | Reached XP level 1. HP: 10/10 MP: 6/6
   275 | D:1      | Found a faded altar of an unknown god.
   423 | D:1      | Reached XP level 2. HP: 15/15 MP: 4/8
   743 | D:1      | Learned a level 2 spell: Searing Ray
  1214 | D:2      | Reached skill level 5 in Conjurations
  1214 | D:2      | Reached XP level 3. HP: 19/19 MP: 6/10
  1218 | D:2      | Learned a level 3 spell: Dazzling Flash
  1275 | D:2      | Reached skill level 1 in Hexes
  1548 | D:2      | Reached XP level 4. HP: 24/24 MP: 5/12
  1967 | D:2      | Reached skill level 5 in Spellcasting
  1967 | D:2      | Reached XP level 5. HP: 28/28 MP: 5/14
  1972 | D:2      | Learned a level 4 spell: Fulminant Prism
  1984 | D:2      | Learned a level 4 spell: Iskenderun's Mystic Blast
  2655 | D:3      | HP: 1/28 [asphyx]
  2656 | D:3      | Succumbed to a kobold brigand's curare-tipped dart

Illustrated notes

Levels and vault maps discovered:
D:1:      wheals_arrival_shading, layout_basic,
          dilly_ecumenical_altar_fadedgnrine, amethyst_killhole
D:2:      layout_basic, serial_corexii_hall, corexii_hall_statues_t,
          corexii_hall_statues_x, chequers_hall_statues_y,
          corexii_hall_statues_deadend, chequers_hall_statues_corner_a,
          chequers_hall_statues_y, due_unseen_surprise
D:3:      layout_rooms, gammafunk_ghost_arena

Skill      XL: |  1  2  3  4 |
---------------+-------------+-----
Spellcasting   | 4 5 |  5.1
Conjurations   | 5 |  5.6
Hexes          | 2 |  2.8
Dodging        | |  2.4
Stealth        | |  2.4
Translocations | |  0.2
Evocations     | |  0.2

Action                   |  1- 3 |  4- 6 || total
-------------------------+-------+-------++-------
 Cast: Magic Dart        |    60 |    34 ||    94
       Searing Ray       |     1 |     2 ||     3
Evoke: Wand              |       |    16 ||    16
  Use: Potion            |       |     2 ||     2
Dodge: Dodged            |     2 |     3 ||     5
